 Dungeon Crawl Stone Soup version 0.24.0-37-gcf1ca852f1 (webtiles) character file.

Game seed: 3861463672144087996, levelgen mode: deterministic

3968 Dexcius the Cleaver (level 10, -2/99 HPs)
             Began as a Minotaur Berserker on Dec 8, 2019.
             Was a High Priest of Trog.
             Splashed by an acid dragon's acid (7 damage)
             ... on level 7 of the Dungeon.
             The game lasted 00:20:31 (6117 turns).

Dexcius the Cleaver (Minotaur Berserker)            Turns: 6117, Time: 00:20:33

Health: -2/99      AC:  2    Str: 23    XL:     10   Next: 2%
Magic:  9/9        EV:  8    Int:  4    God:    Trog [*****.]
Gold:   294        SH:  4    Dex: 12    Spells: 9/9 levels left

rFire    + + .     SeeInvis .   s - +2 war axe (drain)
rCold    + . .     Gourm    .   u - +0 buckler
rNeg     . . .     Faith    .   b - +0 plate armour
rPois    +         Spirit   .   (helmet restricted)
rElec    +         Reflect  .   d - +2 cloak
rCorr    +         Harm     .   r - +0 pair of gloves
MR       .....                  g - +0 pair of boots
Stlth    ..........             h - amulet of the acrobat
HPRegen  0.26/turn              o - ring of resist corrosion
MPRegen  0.11/turn              v - ring of protection from fire

@: resistant, corroded
A: retaliatory headbutt, horns 2, blurry vision 1, deformed body, robust 1, wild
magic 1
a: Berserk, Trog's Hand, Brothers in Arms, Renounce Religion


You were on level 7 of the Dungeon.
You worshipped Trog.
Trog was extremely pleased with you.
You were not hungry.

You visited 1 branch of the dungeon, and saw 7 of its levels.

You collected 294 gold pieces.

Inventory:

Hand Weapons
 s - a +2 war axe of draining (weapon)
 A - the +10 dire flail "Xom's Supremacy" {drain, rElec rF+}
   (You took it off a two-headed ogre on level 6 of the Dungeon)

   A truly terrible weapon, it drains the life of those it strikes.
   It protects you from fire.
   It insulates you from electricity.
Armour
 b - a +0 plate armour (worn)
 d - a +2 cloak (worn)
 g - a +0 pair of boots (worn)
 r - a +0 pair of gloves (worn)
 u - a +0 buckler (worn)
Jewellery
 h - an amulet of the acrobat (around neck)
 o - a ring of resist corrosion (left hand)
 v - a ring of protection from fire (right hand)
Wands
 a - a wand of digging (4)
Scrolls
 e - 3 scrolls of identify
 f - 5 scrolls of blinking {unknown}
 i - 4 scrolls of remove curse {unknown}
 j - a scroll of immolation {unknown}
 l - a scroll of fog {unknown}
 m - a scroll of fear {unknown}
 n - a scroll of enchant armour {unknown}
 p - a scroll of amnesia {unknown}
 q - a scroll of random uselessness {unknown}
 t - a scroll of enchant weapon {unknown}
 w - a scroll of silence {unknown}
 x - 2 scrolls of teleportation {unknown}
 y - a scroll of magic mapping {unknown}
 z - a scroll of noise {unknown}
Potions
 k - a potion of curing
Comestibles
 c - 10 rations


   Skills:
 + Level 8.9 Fighting
 + Level 12.5 Axes
 + Level 8.4 Armour
 + Level 2.7 Dodging
 + Level 1.0 Stealth
 + Level 2.2 Shields


You had 9 spell levels left.
You didn't know any spells.
Your spell library was empty.

Dungeon Overview and Level Annotations

Branches:
Dungeon (7/15)             Temple (0/1) D:4

Altars:
Cheibriados
Fedhas
Kikubaaqudgha
Okawaru
Sif Muna
Uskayaw
Xom
Zin
The Shining One

Shops:
D:7 =

Annotations:
D:7 1 transporter


Innate Abilities, Weirdness & Mutations

You reflexively headbutt those who attack you in melee.
You have a pair of horns on your head.
Scrolls take you a little longer to read.
Armour fits poorly on your strangely shaped body.
You are robust. (+10% HP)
Your spells are a little harder to cast, but a little more powerful.


Message History

The acid dragon barely misses you. The acid dragon bites you.
* * * LOW HITPOINT WARNING * * *
You block the acid dragon's attack.
You feel protected. The acid dragon barely misses you.
You block the acid dragon's attack. The acid dragon bites you.
* * * LOW HITPOINT WARNING * * *
The acid dragon closely misses you. The jelly hits you but does no damage.
You hit the acid dragon. You drain the acid dragon.
You kill the acid dragon!
Trog accepts your kill.
The acid dragon scales are intact enough to wear.
You have reached level 10!
You hit the acid dragon. You slash the jelly!
Your hands burn!
* * * LOW HITPOINT WARNING * * *
The acid dragon spits acid at you. The splash of acid hits you. You resist.
* * * LOW HITPOINT WARNING * * *
You are splashed with acid!
You resist.
You die...

#.# ######.######.# #.#
#........###+## #.#
########..#.... #.# ###
##.#.... #.# ########
○○°. #...... #.# #○°○°○☼#
○○☼°###))...
#.###☼○°☼..#°○°°○###))...
#...#○☼#.#.☼°☼°$$#...#'##
#..©#○○©@JJ°°○○!J#©.)#.#
##..#°○#D#..○○°[!#...).#
#..#○☼°○°○#○○°°.####..#
####☼☼○°○°# °○°☼####..#
######## °○°○#....># ###
#.##.### #######.......
#........##.#.
#.####...##..#


You could see an acid dragon and 2 jellies.

Vanquished Creatures
  A two-headed ogre (D:6)
  The ghost of Gruesph the Slicer, a novice HaBe of Trog (D:6)
  A troll (D:6)
  A hippogriff (D:7)
  The ghost of dikkface the Skirmisher, an amateur MiFi of the Shining One (D:3)
  3 acid dragons (D:7)
  A sky beast (D:7)
  An ice beast (D:7)
  2 orc warriors (D:7)
  2 ogres
  A centaur (D:5)
  A big kobold (D:7)
  2 bullfrogs
  2 scorpions (D:5)
  A howler monkey (D:7)
  2 jellies
  6 hounds
  Crazy Yiuf (D:3)
  A crimson imp (D:5)
  2 orc priests
  A centaur skeleton (D:4)
  A bullfrog skeleton (D:6)
  3 orc wizards
  Ijyb (D:5)
  2 iguanas
  7 worker ants
  A hound skeleton (D:6)
  A worker ant zombie (D:6)
  3 gnolls (D:6)
  7 adders
  A shadow imp (D:5)
  An adder zombie (D:5)
  An adder skeleton (D:5)
  2 worms (D:3)
  2 dart slugs (D:1)
  6 leopard geckos
  27 orcs
  6 bats
  7 giant cockroaches
  10 goblins
  5 hobgoblins
  4 jackals (D:1)
  3 quokkas
  7 frilled lizards
  12 kobolds
  2 leopard gecko skeletons
  A quokka skeleton (D:5)
  A quokka zombie (D:5)
  8 rats
166 creatures vanquished.

Notes
Turn   | Place    | Note
-------+----------+-------------------------------------------
     0 | D:1      | Dexcius the Minotaur Berserker began the quest for the Orb.
     0 | D:1      | Reached XP level 1. HP: 19/19 MP: 0/0
    77 | D:1      | Reached XP level 2. HP: 21/27 MP: 1/1
   222 | D:1      | Reached skill level 4 in Axes
   622 | D:1      | Reached XP level 3. HP: 33/33 MP: 2/2
   624 | D:1      | Reached ** piety under Trog
  1488 | D:3      | Reached skill level 5 in Axes
  1601 | D:3      | Reached XP level 4. HP: 41/41 MP: 3/3
  1631 | D:3      | Found a large runed translucent door.
  1631 | D:3      | Found a large runed translucent door.
  1632 | D:3      | Noticed dikkface's ghost (amateur MiFi)
  1688 | D:3      | Killed dikkface's ghost
  1688 | D:3      | Reached skill level 6 in Axes
  1688 | D:3      | Reached XP level 5. HP: 47/47 MP: 4/4
  1808 | D:3      | Gained mutation: Scrolls take you a little longer to read.
                  | [potion of mutation]
  1808 | D:3      | Gained mutation: You are robust. (+10% HP) [potion of
                  | mutation]
  1808 | D:3      | Gained mutation: Armour fits poorly on your strangely
                  | shaped body. [potion of mutation]
  1808 | D:3      | Gained mutation: Your spells are a little harder to cast,
                  | but a little more powerful. [potion of mutation]
  1891 | D:3      | Reached *** piety under Trog
  1933 | D:3      | You fall into a shaft and drop 1 floor!
  2093 | D:4      | Reached XP level 6. HP: 54/60 MP: 5/5
  2278 | D:4      | Found a staircase to the Ecumenical Temple.
  2473 | D:4      | Reached skill level 7 in Axes
  2689 | D:3      | Found a blossoming altar of Fedhas.
  2724 | D:3      | Found a runed translucent door.
  2725 | D:3      | Noticed Crazy Yiuf
  2735 | D:3      | Killed Crazy Yiuf
  3108 | D:4      | Found a glowing golden altar of the Shining One.
  3169 | D:4      | Reached skill level 5 in Fighting
  3632 | D:5      | Entered Level 5 of the Dungeon
  3663 | D:5      | Reached XP level 7. HP: 62/67 MP: 6/6
  3700 | D:5      | Identified the +5 long sword of Moral Flaws {drain,
                  | *Corrode rPois rC+}
  3700 | D:5      | Noticed Ijyb
  3707 | D:5      | Killed Ijyb
  3756 | D:5      | Reached skill level 5 in Armour
  3860 | D:5      | Reached skill level 8 in Axes
  4107 | D:5      | Found an ancient bone altar of Kikubaaqudgha.
  4110 | D:5      | Found a snail-covered altar of Cheibriados.
  4113 | D:5      | Found a hide-covered altar of Uskayaw.
  4364 | D:6      | Found a shimmering altar of Xom.
  4369 | D:6      | Reached XP level 8. HP: 74/77 MP: 7/7
  4380 | D:6      | Noticed a troll
  4390 | D:6      | Killed a troll
  4390 | D:6      | Reached skill level 9 in Axes
  4392 | D:6      | Reached **** piety under Trog
  4601 | D:6      | Noticed Gruesph's ghost (novice HaBe)
  4602 | D:6      | Found a transporter.
  4602 | D:6      | Identified the +10 dire flail "Xom's Supremacy" {drain,
                  | rElec rF+}
  4602 | D:6      | Noticed a two-headed ogre
  4606 | D:6      | Found a transporter.
  4618 | D:6      | Killed a two-headed ogre
  4618 | D:6      | Reached skill level 10 in Axes
  4618 | D:6      | Reached skill level 1 in Shields
  4624 | D:6      | Killed Gruesph's ghost
  4624 | D:6      | Reached skill level 11 in Axes
  4624 | D:6      | Reached skill level 1 in Stealth
  4624 | D:6      | Reached XP level 9. HP: 79/86 MP: 8/8
  5033 | D:6      | Found an iron altar of Okawaru.
  5593 | D:7      | Found a transporter.
  5598 | D:7      | Reached skill level 12 in Axes
  5744 | D:7      | Found a glowing silver altar of Zin.
  5823 | D:7      | Found a shimmering altar of Xom.
  5858 | D:7      | Found a shimmering blue altar of Sif Muna.
  6014 | D:7      | Reached ***** piety under Trog
  6035 | D:7      | Found Loitua Namux's Jewellery Emporium.
  6099 | D:7      | Found a transporter.
  6117 | D:7      | Reached XP level 10. HP: 9/99 MP: 9/9
  6117 | D:7      | Splashed by an acid dragon's acid

Levels and vault maps discovered:
D:1:      elethiomel_arrival_infinity_welcomes_careful_drivers,
          layout_loops_cross, st_stairs_5, minmay_strange_pillars
D:2:      layout_basic
D:3:      layout_loops_cross, fedhas_altar_1, first_ration,
          ebering_ghost_disaster_area, uniq_crazy_yiuf_cottage
D:4:      layout_basic, tso_metal_star, minmay_temple_entry_offerings,
          serial_rivers, chequers_serial_rivers_room_a,
          chequers_serial_rivers_large_a, chequers_serial_rivers_room_b,
          chequers_serial_rivers_small_b, chequers_serial_rivers_small_b
D:5:      layout_rooms, nicolae_overflow_hidden_temple,
          grunt_temple_overflow_diamond, serial_curves, eino_curves_03,
          eino_curves_02, eino_curves_04, eino_curves_03, uniq_ijyb
D:6:      layout_basic, basic_altar, gammafunk_ghost_smash, minmay_ruined_shrine
D:7:      gammafunk_cloud_chamber, layout_basic, old_standard_altar,
          nicolae_overflow_crystal_walls, overflow_temple_1_default,
          serial_shops, kennysheep_mini_moat,
          hangedman_abyss_or_decor_lesser_grid

Skill      XL: |  1  2  3  4  5  6  7  8  9 |
---------------+----------------------------+-----
Fighting       | 4 5 6 7 8 |  8.9
Axes           | 4 5 6 7 8 11 12 | 12.5
Armour         | 3 4 5 7 8 |  8.4
Shields        | 1 2 |  2.2
Stealth        | 1 |  1.0
Dodging        | |  2.7

Action                   |  1- 3 |  4- 6 |  7- 9 | 10-12 || total
-------------------------+-------+-------+-------+-------++-------
Melee: Hand axe          |   113 |    51 |       |       ||   164
       Headbutt          |    17 |    13 |    33 |       ||    63
       War axe           |       |    46 |   166 |       ||   212
Invok: Berserk           |       |     1 |     2 |       ||     3
  Use: Scroll            |     3 |       |     1 |       ||     4
       Potion            |     5 |     4 |     2 |       ||    11
  Eat: Ration            |     1 |     2 |     3 |       ||     6
Armor: Animal skin       |     2 |       |       |       ||     2
       Plate armour      |    47 |    48 |    93 |       ||   188
Dodge: Dodged            |    50 |    42 |    72 |       ||   164
Block: Buckler           |       |       |    23 |       ||    23
